 Dungeon Crawl Stone Soup version 0.29-a0-317-gd16b76e6b1 (webtiles) character file.

Game seed: 7797424991664068234

64290 Bnni the Brawler (level 15, 0/172 HPs)
             Began as a Naga Transmuter on Mar 31, 2022.
             Was the Champion of Cheibriados.
             Slain by a cane toad (4 damage)
             ... on level 6 of the Lair of Beasts.
             The game lasted 01:00:25 (27022 turns).

Bnni the Brawler (Naga Transmuter)                 Turns: 27022, Time: 01:00:26

Health: 0/172      AC:  6    Str: 33    XL:     15   Next: 12%
Magic:  0/29       EV: 10    Int: 28    God:    Cheibriados [******]
Gold:   1321       SH:  0    Dex: 29    Spells: 7/34 levels left

rFire   . . .      SeeInvis +     - Unarmed
rCold   + + +      Faith    .   (shield currently unavailable)
rNeg    . . .      Spirit   +   (body armour currently unavailable)
rPois   +          Reflect  .   (helmet currently unavailable)
rElec   +          Harm     .   (cloak currently unavailable)
rCorr   .          Rampage  .   (gloves currently unavailable)
Will    +....                   (no barding)
Stlth   ++........              e - amulet of guardian spirit
HPRegen 0.38/turn               g - ring "Hybraph" {rElec AC+4}
MPRegen 0.21/turn               m - ring of protection from fire

@: ice-form, wereblooded, corroded, very slow
A: freezing attack, amphibious, boosted hp, AC +5, large, see invisible,
(deformed body), (poison resistance), (slowness 2), spit poison 1, (naga tail 2)
a: Spit Poison, End Transformation, Renounce Religion, Bend Time, Temporal
Distortion, Slouch, Step From Time


You were on level 6 of the Lair of Beasts.
You worshipped Cheibriados.
Cheibriados was exalted by your worship.
You were a creature of crystalline ice.
You visited 3 branches of the dungeon, and saw 22 of its levels.
You also visited: Ice Cave.

You collected 1321 gold pieces.

Inventory:

Hand Weapons
 K - a +0 double sword of freezing
Armour
 a - +0 steam dragon scales (melded)
 o - a +0 pair of gloves (melded)
 w - a +2 helmet (melded)
Jewellery
 e - an amulet of guardian spirit (around neck)
 g - the ring "Hybraph" (left front paw) {rElec AC+4}
   (You found it on level 1 of the Dungeon)

   [ring of protection]

   AC:        It affects your AC (+4).
   rElec:     It insulates you from electricity.
 m - a ring of protection from fire (right front paw)
 x - a ring of protection from cold
 I - a ring of flight
 O - a ring of positive energy
Wands
 h - a wand of iceblast (17)
 l - a wand of flame (14)
 z - a wand of acid (14)
 B - a wand of polymorph (9)
 H - a wand of digging (5)
 N - a wand of paralysis (3)
Scrolls
 c - 6 scrolls of teleportation
 j - 3 scrolls of magic mapping
 q - a scroll of amnesia
 t - a scroll of holy word
 v - 2 scrolls of fog
 y - 3 scrolls of fear
 E - 4 scrolls of vulnerability {unknown}
 F - 5 scrolls of enchant armour
 J - a scroll of silence {unknown}
 M - a scroll of torment {unknown}
 P - a scroll of acquirement {unknown}
 Q - a scroll of enchant weapon {unknown}
Potions
 b - 6 potions of lignification
 d - 5 potions of berserk rage
 f - 3 potions of mutation
 i - 3 potions of invisibility
 k - 3 potions of cancellation
 n - 4 potions of brilliance
 r - 2 potions of attraction
 u - 2 potions of magic
 A - 3 potions of might
 C - a potion of ambrosia
 D - 4 potions of curing
 G - a potion of flight
Miscellaneous
 L - a condenser vane


   Skills:
 + Level 11.8 Fighting
 - Level 1.5 Dodging
 * Level 16.6 Unarmed Combat
 + Level 10.2 Spellcasting
 + Level 11.3 Transmutations
 - Level 4.0 Poison Magic
 - Level 8.0 Invocations


You had 7 spell levels left.
You knew the following spells:

 Your Spells              Type           Power      Damage    Failure   Level
b - Wereblood             Tmut           67%        N/A       1%          2
c - Spider Form           Tmut/Pois      54%        N/A       1%          3
d - Ice Form              Ice/Tmut       45%        N/A       3%          4
e - Eringya's Noxious Bo  Tmut/Pois      27%        N/A       26%         6
g - Dragon Form           Tmut           33%        N/A       32%         7
x - Alistair's Intoxicat  Tmut/Pois      36%        N/A       4%          5

Your spell library contained the following spells:

 Spells                   Type           Power      Damage    Failure   Level
 Beastly Appendage        Tmut           100%       N/A       1%          1
 Passwall                 Tmut/Erth      37%        N/A       1%          2
 Freeze                   Ice            56%        1d7       4%          1
 Sandblast                Erth           28%        2d8       4%          1
 Yara's Violent Unravell  Hex/Tmut       22%        3d10      11%         5
 Call Canine Familiar     Summ           14%        N/A       12%         3
 Frozen Ramparts          Ice            28%        1d4       12%         3
 Inner Flame              Hex/Fire       14%        N/A       12%         3
 Portal Projectile        Hex/Tloc       28%        N/A       12%         3
 Stone Arrow              Conj/Erth      28%        3d8       12%         3
 Tukima's Dance           Hex            14%        N/A       12%         3
 Cause Fear               Hex            7%         N/A       36%         4
 Hailstorm                Conj/Ice       14%        3d5       36%         4
 Leda's Liquefaction      Hex/Erth       7%         N/A       36%         4
 Passage of Golubria      Tloc           14%        N/A       36%         4
 Borgnjor's Vile Clutch   Necr/Erth      7%         N/A       73%         5
 Conjure Ball Lightning   Conj/Air       7%         3x3d6     99%         6
 Discord                  Hex            7%         N/A       100%        8
 Disjunction              Tloc           7%         N/A       100%        8
 Dragon's Call            Summ           7%         N/A       100%        9


Dungeon Overview and Level Annotations

Branches:
Dungeon (15/15)            Temple (1/1) D:4            Lair (6/6) D:8
 Shoals (0/4) Lair:4       Spider (0/4) Lair:3          Orc (0/2) D:9
 Vaults (0/5) D:13          IceCv (visited)
  Slime: Lair:5-6    Depths: D:15

Altars:
Ashenzari
Cheibriados
Dithmenos
Elyvilon
Fedhas
Gozag
Hepliaklqana
Kikubaaqudgha
Makhleb
Nemelex Xobeh
Okawaru
Qazlal
Ru
Sif Muna
Trog
Uskayaw
Vehumet
Wu Jian
Xom
Yredelemnul
Zin
The Shining One

Shops:
D:2 (   D:3 [


Innate Abilities, Weirdness & Mutations

You are a creature of crystalline ice.
You have a powerful freezing melee attack.
You are amphibious.
Your maximum health is increased.
Your armour is entirely melded.
You are incapable of wielding weapons or throwing items.
((Your serpentine skin is tough. (AC +5)))
You have supernaturally acute eyesight. (SInv)
((Armour fits poorly on your strangely shaped body.))
((Your system is resistant to poisons. (rPois)))
((You cover ground very slowly.))
You can spit poison.
((You can use your snake-like lower body to constrict enemies.))


Message History

You kill the death yak!
Cheibriados thoroughly appreciates the change of pace.
The goliath frog hits you from afar.
* * * LOW HITPOINT WARNING * * *
You are splashed with acid!
* * * LOW HITPOINT WARNING * * *
You pulverise the yak!!!
You freeze the yak!
You feel a bit better.
You kill the yak!
Cheibriados appreciates the change of pace.
You hear a bellow!
A cane toad comes into view.
The goliath frog hits you from afar!!
* * * LOW HITPOINT WARNING * * *
The acid corrodes you!
You are splashed with acid!
* * * LOW HITPOINT WARNING * * *
Blink to where?
Press: ? - help, Dir - move target
As you read the scroll of blinking, it crumbles to dust.
You hear a loud, deep croak!
As you read the scroll of teleportation, it crumbles to dust.
You feel strangely unstable.
Aiming: Spit Poison (1% risk of failure)
Press: ? - help, Shift-Dir - straight line, f - goliath frog
Aim: a goliath frog (translocational energy, 45% to hit)
The splash of poison hits the goliath frog!
The goliath frog is moderately wounded.
Okay, then.
You feel much better. The goliath frog hits you from afar!
* * * LOW HITPOINT WARNING * * *
You are splashed with acid!
* * * LOW HITPOINT WARNING * * *
Blink to where?
Press: ? - help, Dir - move target, p - goliath frog
As you read the scroll of blinking, it crumbles to dust.
Your surroundings seem slightly different.
You have got your breath back.
The cane toad stings you!
* * * LOW HITPOINT WARNING * * *
The cane toad stings you.
You die...

##.####.##
#..#.#...##
##.#.#....#
#...#.F...#
#..##.†#.###.
#...#...#....
#.F.#....$Y..
##.F....†....
#Y.†.Y..Y...
#...........
#...........
#...........
##...###..#.. #...##
..# #.§†## #..#
#....##.....PP...#.
#.#...#....P.PP..#..


You could see a death yak, a goliath frog, a yak and a cane toad.

Vanquished Creatures
  5 slime creatures
  Erolcha (D:9)
  3 hydras
  A boulder beetle (D:14)
  5 centaur warriors
  An anaconda (shapeshifter) (D:14)
  2 dancing weapons (D:13)
  2 two-headed ogres
  Urug (D:11)
  5 death yaks (Lair:6)
  Sonja (Lair:5)
  Nergalle (D:11)
  The ghost of generaletaddeo the Ruffian, a novice TrCK of Xom (D:7)
  A skeletal warrior (D:7)
  A necromancer (IceCv)
  A bog body (IceCv)
  An oklob plant (Lair:6)
  A wolf spider (Lair:3)
  A deep elf pyromancer (D:12)
  17 ugly things
  4 manticores
  2 cyclopes
  5 elephants (Lair:2)
  A manticore (shapeshifter) (D:14)
  2 ice statues (IceCv)
  A black mamba (Lair:2)
  A black mamba (shapeshifter) (D:14)
  7 cane toads
  A gargoyle (D:12)
  A torpor snail (Lair:5)
  An unseen horror (D:11)
  A rime drake (shapeshifter) (D:13)
  A yaktaur (D:12)
  Maggie (D:7)
  7 komodo dragons
  4 rime drakes
  5 ice devils (IceCv)
  The ghost of Thjof the Skirmisher, a novice GrMo (D:5)
  A tengu conjurer (D:15)
  Psyche (D:9)
  3 anaconda simulacra (IceCv)
  4 red devils (D:12)
  2 entropy weaver simulacra (IceCv)
  A troll (D:12)
  A polar bear (Lair:6)
  A hornet (D:7)
  5 dream sheep (Lair:2)
  A wolf spider simulacrum (D:15)
  9 blink frogs
  A jumping spider (shapeshifter) (D:15)
  2 culicivoras (Lair:3)
  A vampire (D:10)
  2 dire elephant simulacra (IceCv)
  2 shadows
  Sigmund (D:5)
  7 wraiths
  6 wyverns
  61 yaks
  A steam dragon (D:8)
  5 basilisks
  Eustachio (D:5)
  A death yak simulacrum (IceCv)
  5 vampire mosquitoes
  3 harpy simulacra (IceCv)
  Edmund (D:6)
  An acid dragon (D:12)
  7 water moccasins
  2 orc warriors
  A meliai simulacrum (D:15)
  An ice beast (D:8)
  A black bear (Lair:1)
  2 ogres (D:5)
  4 wolves (Lair:1)
  10 centaurs
  A phantom (D:7)
  2 kobold brigands
  14 bullfrogs
  A gnoll sergeant (D:5)
  2 scorpions (D:5)
  A hornet simulacrum (D:14)
  15 killer bees
  2 electric eels (D:11)
  2 howler monkeys
  3 jellies
  A gnoll shaman (D:7)
  4 orc priests
  4 iguanas
  8 orc wizards
  A polar bear simulacrum (IceCv)
  A wolf simulacrum (IceCv)
  Robin (D:3)
  21 gnolls
  7 adders
  A shadow imp (D:8)
  2 white imps (IceCv)
  3 ufetubi
  2 worms (D:4)
  4 dart slugs
  11 orcs
  8 ball pythons
  2 bats (D:1)
  7 endoplasms
  5 giant cockroaches
  18 goblins
  A hobgoblin (D:4)
  7 jackals
  3 quokkas
  5 frilled lizards
  12 kobolds
  4 rats
442 creatures vanquished.

Vanquished Creatures (others)
  A human (D:6)
  26 fungi
  76 plants
103 creatures vanquished.

Grand Total: 545 creatures vanquished

Notes
Turn   | Place    | Note
-------+----------+-------------------------------------------
     0 | D:1      | Bnni the Naga Transmuter began the quest for the Orb.
     0 | D:1      | Reached XP level 1. HP: 18/18 MP: 3/3
   377 | D:1      | Reached XP level 2. HP: 25/25 MP: 5/5
   930 | D:1      | Reached XP level 3. HP: 24/31 MP: 4/6
  1015 | D:1      | Found a faded altar of an unknown god.
  1018 | D:1      | Identified the ring "Hybraph" {rElec AC+4}
  1371 | D:2      | Learned a level 2 spell: Wereblood
  1480 | D:2      | Found Irphy's Antique Weapon Shop.
  1740 | D:2      | Identified the +8 dagger of the Fool {freeze, rElec rN+
                  | Int+4}
  1796 | D:2      | Reached XP level 4. HP: 36/39 MP: 3/7
  2080 | D:3      | Reached skill level 4 in Unarmed Combat
  2129 | D:3      | Found Duac's Antique Armour Shop.
  2302 | D:3      | Noticed Robin
  2321 | D:3      | Killed Robin
  2329 | D:3      | Reached XP level 5. HP: 24/45 MP: 3/9
  3713 | D:3      | Learned a level 3 spell: Spider Form
  3823 | D:4      | Reached XP level 6. HP: 55/55 MP: 10/10
  4079 | D:4      | Reached skill level 5 in Unarmed Combat
  4356 | D:4      | Found a staircase to the Ecumenical Temple.
  4365 | Temple   | Entered the Ecumenical Temple
  5203 | D:5      | Entered Level 5 of the Dungeon
  5345 | D:5      | Noticed Sigmund
  5591 | D:5      | Reached XP level 7. HP: 47/62 MP: 4/12
  5608 | D:5      | Killed Sigmund
  5630 | D:5      | Reached skill level 6 in Unarmed Combat
  5884 | D:5      | Noticed Thjof's ghost (novice GrMo)
  5884 | D:5      | Identified the +1 great mace of Forced Transition {vorpal,
                  | rN+}
  5885 | D:5      | Found a transporter.
  5889 | D:5      | Found a transporter.
  5903 | D:5      | Reached XP level 8. HP: 72/72 MP: 7/14
  5919 | D:5      | Killed Thjof's ghost
  6163 | D:5      | Reached skill level 7 in Unarmed Combat
  6494 | D:5      | Noticed Eustachio
  6516 | D:5      | Killed Eustachio
  6517 | D:5      | Reached skill level 5 in Transmutations
  6700 | D:6      | Noticed Edmund
  6712 | D:6      | Killed Edmund
  6849 | D:6      | Found an ornate altar of the Wu Jian Council.
  6862 | D:6      | Reached XP level 9. HP: 77/80 MP: 16/16
  7290 | D:6      | Found a radiant altar of Vehumet.
  7392 | D:6      | Reached skill level 5 in Fighting
  7392 | D:6      | Reached skill level 5 in Spellcasting
  7553 | D:6      | Found an ancient bone altar of Kikubaaqudgha.
  7644 | D:7      | Noticed Maggie
  7659 | D:7      | Killed Maggie
  7660 | D:7      | Reached skill level 8 in Unarmed Combat
  7726 | D:7      | You fall into a shaft and drop 2 floors!
  7770 | D:9      | Found a snail-covered altar of Cheibriados.
  7778 | D:9      | Became a worshipper of Cheibriados the Contemplative
  8214 | D:8      | Noticed a two-headed ogre
  8229 | D:8      | Killed a two-headed ogre
  8230 | D:8      | Reached skill level 9 in Unarmed Combat
  8230 | D:8      | Reached XP level 10. HP: 30/91 MP: 6/19
  8764 | D:8      | Reached * piety under Cheibriados
  9210 | D:7      | Reached skill level 10 in Unarmed Combat
  9345 | D:7      | Noticed a skeletal warrior
  9365 | D:7      | Killed a skeletal warrior
  9372 | D:7      | Learned a level 4 spell: Ice Form
  9841 | D:7      | Found the +5 scythe "Finisher" {speed, eviscerate}
  9869 | D:7      | Found a shadowy altar of Dithmenos.
  9907 | D:7      | Found a runed translucent door.
  9910 | D:7      | Noticed generaletaddeo's ghost (novice TrCK)
  9945 | D:7      | HP: 2/92 [generaletaddeo's ghost (16)]
  9947 | D:7      | Killed generaletaddeo's ghost
 11309 | D:8      | Found a staircase to the Lair.
 11530 | D:9      | Noticed Psyche
 11536 | D:9      | Killed Psyche
 11537 | D:9      | Reached XP level 11. HP: 100/100 MP: 17/21
 11603 | D:9      | Found a staircase to the Orcish Mines.
 11626 | D:9      | Reached skill level 11 in Unarmed Combat
 11636 | D:9      | Reached ** piety under Cheibriados
 11756 | D:9      | Noticed Erolcha
 11768 | D:9      | Killed Erolcha
 12460 | D:9      | Found a stormy altar of Qazlal.
 13136 | D:10     | Entered Level 10 of the Dungeon
 13351 | D:10     | Reached *** piety under Cheibriados
 13539 | D:10     | Reached skill level 12 in Unarmed Combat
 14204 | D:11     | Noticed a two-headed ogre
 14210 | D:11     | Killed a two-headed ogre
 14211 | D:11     | Reached XP level 12. HP: 112/112 MP: 9/24
 14486 | D:11     | Noticed Urug
 14495 | D:11     | Killed Urug
 14553 | D:11     | Noticed Nergalle
 15249 | D:11     | Killed Nergalle
 15365 | D:12     | Reached skill level 13 in Unarmed Combat
 15991 | D:12     | Learned a level 5 spell: Alistair's Intoxication
 16010 | D:12     | Reached **** piety under Cheibriados
 16125 | D:12     | Reached skill level 1 in Poison Magic
 17473 | D:13     | Noticed a centaur warrior
 17478 | D:13     | Killed a centaur warrior
 17479 | D:13     | Reached skill level 1 in Invocations
 17534 | D:13     | Noticed a centaur warrior
 17544 | D:13     | Killed a centaur warrior
 17654 | D:13     | Noticed a centaur warrior
 17670 | D:13     | Killed a centaur warrior
 17970 | D:13     | Found a gate to the Vaults.
 17991 | D:13     | Gained mutation: You can use your snake-like lower body to
                  | constrict enemies. [Naga growth]
 17991 | D:13     | Reached XP level 13. HP: 48/121 MP: 7/26
 18476 | D:13     | Found an ornate altar of the Wu Jian Council.
 19052 | D:14     | Reached ***** piety under Cheibriados
 19053 | D:14     | Reached skill level 14 in Unarmed Combat
 19053 | D:14     | Reached skill level 10 in Transmutations
 19132 | D:14     | Reached skill level 5 in Invocations
 19226 | D:14     | Reached skill level 10 in Fighting
 19517 | D:14     | Learned a level 6 spell: Eringya's Noxious Bog
 20051 | D:15     | Entered Level 15 of the Dungeon
 20599 | D:15     | Reached skill level 15 in Unarmed Combat
 20822 | Lair:1   | Entered Level 1 of the Lair of Beasts
 21045 | Lair:1   | You fall into a shaft and drop 1 floor!
 21248 | Lair:2   | Learned a level 7 spell: Dragon Form
 21360 | Lair:2   | Reached XP level 14. HP: 133/133 MP: 17/27
 22958 | Lair:3   | Reached ****** piety under Cheibriados
 23201 | Lair:3   | Found a hole to the Spider Nest.
 23301 | Lair:3   | Found a frozen archway.
 23320 | IceCv    | Entered an ice cave
 24796 | Lair:4   | Reached skill level 16 in Unarmed Combat
 24940 | Lair:4   | Identified the ring "Zium" {rC+ Will+ MP-9 SInv}
 25482 | Lair:4   | Found a staircase to the Shoals.
 25857 | Lair:5   | Noticed Sonja
 25876 | Lair:5   | Killed Sonja
 26780 | Lair:6   | Entered Level 6 of the Lair of Beasts
 26912 | Lair:6   | Reached skill level 10 in Spellcasting
 26990 | Lair:6   | Reached XP level 15. HP: 118/144 MP: 8/29
 27016 | Lair:6   | HP: 6/172 [acid (10)]
 27022 | Lair:6   | HP: 4/172 [cane toad (10)]
 27022 | Lair:6   | Slain by a cane toad

Illustrated notes

Levels and vault maps discovered:
D:1:      dpeg_arrival_stonehenge_8_columns, layout_basic,
          hellmonk_ecumenical_altar_lost_god, minivault_25, minmay_crystal_room
D:2:      layout_loops_ring, serial_shops, shop
D:3:      layout_basic, serial_shops, nicolae_shop_statue_plus,
          minmay_misc_feat_x, minmay_vboxes, uniq_robin
D:4:      layout_basic, lemuel_temple_firewalk_b, chequers_serial_rivers_large_b
D:5:      layout_rooms, gammafunk_ghost_smash, uniq_eustachio, uniq_sigmund
D:6:      layout_loops_ring, mainiacjoe_overflow_swirl, tgw_kikubaaqudgha,
          serial_aquarium, aquarium_bridge_straight [aquarium_subvault_bridge,
          aquarium_subvault_wall, aquarium_subvault_bridge,
          aquarium_subvault_wall], aquarium_window_corridor_1,
          aquarium_window_2, aquarium_view_2d, aquarium_view_4,
          aquarium_pool_side, palyth_stone_intersect, uniq_edmund
D:7:      lemuel_ice_spiral_2, layout_basic, grunt_dithmenos_smoke_and_mirrors,
          ebering_ghost_reflecting_pool, minmay_guarded_unrand_finisher,
          uniq_maggie
D:8:      layout_basic, lair_entry_dummy
D:9:      layout_grid_maze, mainiacjoe_overflow_boulevard, grunt_qazlal_clouds,
          orc_0_dummy, uniq_erolcha, uniq_psyche
D:10:     layout_irregular_city
D:11:     layout_basic, uniq_nergalle, uniq_urug
D:12:     layout_big_octagon, einodemon_armed_red_devil_minivault
D:13:     layout_loops_cross, erik_vaults_1, minivault_5,
          nicolae_wu_jian_glorious_leap
D:14:     layout_basic
D:15:     hangedman_slaughterboxes
Temple:   eino_temple_scatter_basement
Lair:1:   layout_regular_city
Lair:2:   dpeg_oklob_shooting_range, layout_big_grid, infiniplex_staircase_pool
Lair:3:   layout_long_grid, spider_nest_entry_funnel_web, portal_ice_cave_rime,
          beast_lair_carwin_4, serial_bayou_shore_b
Lair:4:   layout_cave_shapes, elwin_shoals_entry_rocks, minivault_19
Lair:5:   layout_roguey, uniq_sonja
Lair:6:   minmay_lair_end_frog_pond, layout_regular_city,
          minmay_slime_entry_oklob_enclosed, serial_rivers,
          chequers_serial_rivers_micro_b, chequers_serial_rivers_room_b,
          chequers_serial_rivers_micro_b, chequers_serial_rivers_micro_c,
          chequers_serial_rivers_room_b, chequers_serial_rivers_micro_d

Skill      XL: |  1  2  3  4  5  6  7  8  9 10 11 12 13 14 |
---------------+-------------------------------------------+-----
Unarmed Combat | 4 5 6 7 9 10 12 13 15 16 | 16.6
Fighting       | 2 3 4 6 7 8 9 10 11 | 11.8
Transmutations | 3 4 5 6 7 8 9 10 11 | 11.3
Spellcasting   | 3 4 6 7 8 9 10 | 10.2
Poison Magic   | 2 4 |  4.0
Invocations    | 3 7 8 |  8.0
Dodging        | |  1.5

Action                   |  1- 3 |  4- 6 |  7- 9 | 10-12 | 13-15 || total
-------------------------+-------+-------+-------+-------+-------++-------
Melee: Unarmed           |    67 |     7 |    61 |   444 |   480 ||  1059
       Punch             |     2 |     2 |     4 |    25 |    40 ||    73
       Headbutt          |     2 |       |     3 |     1 |       ||     6
       Dagger            |     2 |   116 |   142 |    21 |       ||   281
       Constrict         |       |       |       |       |    73 ||    73
Throw: Dart              |       |       |     2 |     1 |       ||     3
 Cast: Beastly Appendage |     3 |     1 |     2 |     1 |       ||     7
       Wereblood         |     1 |     2 |     4 |    10 |     9 ||    26
       Spider Form       |       |     1 |     4 |     8 |     2 ||    15
       Ice Form          |       |       |       |    19 |    15 ||    34
       Alistair's Intoxi |       |       |       |     1 |     1 ||     2
       Eringya's Noxious |       |       |       |       |     3 ||     3
 Abil: Spit Poison       |    15 |    18 |    19 |    30 |    10 ||    92
Evoke: Wand              |       |       |       |       |     3 ||     3
  Use: Scroll            |       |     6 |     6 |    14 |     9 ||    35
       Potion            |       |       |       |     7 |     3 ||    10
 Stab: Sleeping          |       |     3 |       |       |     9 ||    12
       Distracted        |       |       |       |     1 |       ||     1
Armor: Robe              |    23 |     8 |       |       |       ||    31
       Leather armour    |       |    36 |   103 |       |       ||   139
       Skin              |       |       |     5 |    83 |    78 ||   166
       Swamp dragon scal |       |       |    22 |    39 |       ||    61
       Steam dragon scal |       |       |       |    92 |   130 ||   222
Dodge: Dodged            |    36 |    55 |   138 |   285 |   235 ||   749

Table legend: (Time is in decaauts)
 A = Elapsed time spent in this place.
 B = Non-inter-level travel time spent in this place.
 C = Inter-level travel time spent in this place.
 D = Time resting spent in this place.
 E = Time spent auto-exploring this place.
 F = Levels seen in this place.
 G = Mean time per level.
                   A        B        C        D        E       F      G
               +--------+--------+--------+--------+--------+-----+--------+
         Total |  41062 |  39180 |   1882 |   4209 |  30526 |  23 | 1785.3 |
       Dungeon |  28667 |  27241 |   1426 |   4102 |  20098 |  15 | 1911.1 |
        Temple |    236 |    224 |     12 |      0 |    204 |   1 |  236.0 |
          Lair |  10943 |  10500 |    443 |      2 |   9501 |   6 | 1823.8 |
      Ice Cave |   1215 |   1215 |      0 |    105 |    721 |   1 | 1215.0 |
               +--------+--------+--------+--------+--------+-----+--------+

Top non-repeatable levels by time:
     D:9: 3039 daAuts
    D:12: 3020 daAuts
    D:13: 2749 daAuts
     D:7: 2664 daAuts
  Lair:2: 2512 daAuts
  Lair:5: 2343 daAuts
     D:4: 2265 daAuts
     D:8: 2054 daAuts
     D:3: 2051 daAuts
  Lair:4: 1984 daAuts
  Lair:3: 1968 daAuts
    D:10: 1868 daAuts
  Lair:1: 1785 daAuts
    D:11: 1712 daAuts
     D:1: 1619 daAuts
